 Dungeon Crawl Stone Soup version 0.30.1-3-gfc49f6343a (webtiles) character file.

Game seed: 7660174490550138162

1104 spardeous the Conjurer (level 7, -7/50 HPs)
             Began as a Demigod Conjurer on Aug 7, 2023.
             Mangled by a yak (11 damage)
             ... on level 5 of the Dungeon.
             The game lasted 00:06:20 (6942 turns).

spardeous the Conjurer (Demigod Conjurer)           Turns: 6942, Time: 00:06:21

Health: -7/50      AC:  3    Str:  8    XL:     7   Next: 85%
Magic:  11/19      EV: 11    Int: 28    God:
Gold:   198        SH:  0    Dex: 18    Spells: 10/17 levels left

rFire   . . .        A - +7 staff of the Meek {protect, meekguard}
rCold   . . .        (shield currently unavailable)
rNeg    . . .        y - +0 leather armour
rPois   .            (no helmet)
rElec   .            (no cloak)
rCorr   .            (no gloves)
SInv    .            (no boots)
Will    +....        (no amulet)
Stlth   ++           k - +6 ring of dexterity
HPRegen 0.28/turn    t - ring of willpower
MPRegen 0.16/turn

%: no passive effects
@: no status effects
A: high MP 1, forlorn, divine attributes
a: no special abilities


You were on level 5 of the Dungeon.
You visited 1 branch of the dungeon, and saw 5 of its levels.

You collected 354 gold pieces.
You spent 156 gold pieces at shops.

Inventory:

Hand Weapons
 A - the +7 staff of the Meek (weapon) {protect, meekguard}
   (You found it on level 3 of the Dungeon)
Armour
 a - a +0 robe
 y - a +0 leather armour (worn)
Jewellery
 h - a ring of flight
 k - a +6 ring of dexterity (left hand)
 t - a ring of willpower (right hand)
Wands
 s - a wand of flame (37)
 v - a wand of polymorph (12)
Scrolls
 d - 4 scrolls of identify
 g - 8 scrolls of teleportation
 j - a scroll of vulnerability {unknown}
 m - a scroll of magic mapping {unknown}
 n - a scroll of noise {unknown}
 o - a scroll of amnesia {unknown}
 w - a scroll of enchant armour {unknown}
 x - 2 scrolls of fear {unknown}
 B - a scroll of fog {unknown}
Potions
 b - 2 potions of magic
 c - 5 potions of heal wounds {unknown}
 e - 2 potions of brilliance {unknown}
 f - a potion of invisibility {unknown}
 l - 4 potions of curing
 p - 2 potions of lignification
 q - 2 potions of might
 r - 2 potions of resistance {unknown}
 u - a potion of attraction
 z - 2 potions of flight {unknown}
 C - a potion of mutation {unknown}


   Skills:
 - Level 1.7 Dodging
 - Level 1.7 Stealth
 + Level 5.9 Spellcasting
 + Level 7.2 Conjurations


You had 10 spell levels left.
You knew the following spells:

 Your Spells              Type           Power      Damage    Failure   Level
a - Magic Dart            Conj           100%       1d8       1%          1
b - Searing Ray           Conj           96%        2d7       1%          2
c - Iskenderun's Mystic   Conj/Tloc      28%        2d7       21%         4

Your spell library contained the following spells:

 Spells                   Type           Power      Damage    Failure   Level
 Dazzling Flash           Conj/Hex       56%        N/A       6%          3
 Sting                    Tmut/Pois      32%        1d4       9%          1
 Poisonous Vapours        Pois/Air       16%        N/A       14%         2
 Fulminant Prism          Conj/Hex       14%        3d8       21%         4
 Ozocubu's Armour         Ice            8%         N/A       26%         3
 Summon Guardian Golem    Hex/Summ       8%         N/A       26%         3
 Olgreb's Toxic Radiance  Pois           8%         N/A       65%         4
 Agony                    Necr           8%         N/A       94%         5
 Silence                  Hex/Air        4%         N/A       94%         5
 Orb of Destruction       Conj           24%        9d9       98%         7
 Ozocubu's Refrigeration  Ice            4%         4d8       100%        7
 Spellforged Servitor     Conj/Summ      14%        N/A       100%        7


Dungeon Overview and Level Annotations

Branches:
Dungeon (5/15)
 Temple: D:4-7

Shops:
D:3 :((!   D:4 [   D:5 *

Annotations:
D:3 3 runed translucent doors, BaconRulez's ghost, amateur HOFi


Innate Abilities, Weirdness & Mutations

You have an increased reservoir of magic. (+10% MP)
You shall have no god before yourself.
Your divine heritage dramatically boosts your attributes as you level up.


Message History

The howler monkey attacks as you move away!
The howler monkey closely misses you.
You take 12 damage, and have 29/50 hp.
MASSIVE DAMAGE!!
Casting: Searing Ray (safe; 1% risk of failure)
Confirm with . or Enter, or press ? or * to list all spells.
Aiming: Searing Ray (safe; 1% risk of failure)
Press: ? - help, Shift-Dir - straight line, f/p - yak
Aim: a yak (severely wounded, 90% to hit)
The searing ray misses the yak. (Press . to maintain the ray.)
The yak gores you but does no damage.
The howler monkey hits you but does no damage.
You now have 12/19 mp.
The searing ray hits the yak!
The yak is almost dead.
The howler monkey hits you but does no damage.
The yak gores you!
* * * LOW HITPOINT WARNING * * *
You take 13 damage, and have 16/50 hp.
MASSIVE DAMAGE!!
You now have 11/19 mp.
Unknown command.
As you read the scroll labelled DUGRUI ZOCIONK, it crumbles to dust.
It is a scroll of identify.
g - 8 scrolls of teleportation The howler monkey hoots and howls with incredible vigour!
The yak barely misses you. The yak gores you.
* * * LOW HITPOINT WARNING * * *
You hear a shout!
You take 4 damage, and have 12/50 hp.
Unknown command.
Okay, then.
You feel better. The howler monkey barely misses you. The yak gores you!
* * * LOW HITPOINT WARNING * * *
The howler monkey hoots and howls with incredible vigour!
You take 8 damage, and have 4/50 hp.
Unknown command.
As you read the scroll labelled XAP IZU CATTATZ, it crumbles to dust.
It is a scroll of brand weapon.
You aren't carrying any weapons that can be branded.
The yak gores you!
You die...

#.##.####.#.#...## ###.##.#
#.#.#...# ....##.####.#.#...###
..............+..... .....
....#.#####.#.#....###Y# ......
..#....# ##.#.#........# ......
..#...##.##.#.#..Y# ......
..(.........#.#hY.### .......
###.#.##.####.#.@Y+.# .......
#...#.##.# #.#...#.######..#....
#.#......# #.#...#.#............
#.#.#.#### #.#........##...####.
#.#.#...# #.#...#.#..##......#.
..#.#...# #.>...#............#.
##......# #####.#.#.##.....###.#.
......#.# #.......#............#.
##....#.###.###†#.##........#####


You could see 3 yaks and a howler monkey (catching breath).

Vanquished Creatures
  A sky beast (D:4)
  A black bear (D:4)
  2 ice beasts (D:5)
  2 phantoms
  3 scorpions (D:5)
  A jelly (D:4)
  An orc priest (D:3)
  3 iguanas
  2 orc wizards
  4 adders
  5 gnolls
  2 ufetubi
  2 worms
  10 dart slugs
  15 orcs
  4 ball pythons
  4 endoplasms
  A giant cockroach (D:4)
  14 goblins
  9 hobgoblins
  5 jackals (D:3)
  10 kobolds
  3 quokkas
  5 bats
  2 frilled lizards (D:2)
  3 rats (D:1)
114 creatures vanquished.

Notes
Turn   | Place    | Note
-------+----------+-------------------------------------------
     0 | D:1      | spardeous the Demigod Conjurer began the quest for the Orb.
     0 | D:1      | Reached XP level 1. HP: 14/14 MP: 5/5
   544 | D:1      | Reached XP level 2. HP: 20/20 MP: 3/7
   740 | D:1      | Reached skill level 4 in Conjurations
  1557 | D:2      | Reached XP level 3. HP: 26/26 MP: 2/9
  1831 | D:2      | Learned a level 2 spell: Searing Ray
  2357 | D:3      | Reached XP level 4. HP: 29/33 MP: 6/11
  2640 | D:3      | Found Qazoawn's Book Shoppe.
  2650 | D:3      | Found Nuc Tuzu's Antique Weapon Shop.
  2910 | D:3      | Found the +7 staff of the Meek {protect, meekguard}
  3181 | D:3      | Reached XP level 5. HP: 38/38 MP: 9/13
  3311 | D:3      | Found Ighen's Distillery.
  3349 | D:3      | Found Taeqo's Antique Weapon Boutique.
  3413 | D:3      | Found a runed translucent gate.
  3413 | D:3      | Found a runed translucent gate.
  3413 | D:3      | Found a runed translucent gate.
  3419 | D:3      | Noticed BaconRulez's ghost (amateur HOFi)
  3649 | D:3      | Reached skill level 5 in Conjurations
  3845 | D:3      | Bought a potion of might for 48 gold pieces
  3845 | D:3      | Bought a potion of attraction for 36 gold pieces
  3845 | D:3      | Bought a potion of curing for 36 gold pieces
  3845 | D:3      | Bought a potion of lignification for 36 gold pieces
  4571 | D:4      | Found Hiddoul's Antique Armour Boutique.
  4776 | D:4      | Noticed a sky beast
  4788 | D:4      | Killed a sky beast
  4789 | D:4      | Reached XP level 6. HP: 22/45 MP: 4/15
  5182 | D:4      | Reached skill level 6 in Conjurations
  5477 | D:5      | Entered Level 5 of the Dungeon
  5483 | D:5      | Learned a level 4 spell: Iskenderun's Mystic Blast
  5753 | D:5      | Reached XP level 7. HP: 50/50 MP: 9/17
  5826 | D:5      | Reached skill level 5 in Spellcasting
  6391 | D:5      | Reached skill level 7 in Conjurations
  6495 | D:5      | Found Bamischi's Elemental Accessories.
  6930 | D:5      | Noticed a yak
  6933 | D:5      | Noticed a yak
  6935 | D:5      | Noticed a yak
  6942 | D:5      | Mangled by a yak

Illustrated notes

Levels and vault maps discovered:
D:1:      dpeg_arrival_three_bigger_balls, layout_basic
D:2:      layout_basic
D:3:      cheibrodos_greedy_goblins, layout_basic,
          nicolae_overflow_crystal_walls, gammafunk_ghost_necromancy,
          serial_shops, nicolae_shop_stone, nicolae_shop_tiny_statue_garden,
          nicolae_shop_competitors_out_of_business, nicolae_diamond_shop,
          st_stairs_7, pf_guarded_unrand_meek
D:4:      kennysheep_slugbush, layout_loops_corners,
          mainiacjoe_overflow_cross_hatched, serial_shops, shop,
          kennysheep_generic_room_16
D:5:      cheibrodos_two_vegetables, layout_basic,
          amcnicky_mini_rare_corridor_liquid, nicolae_elemental_shop

Skill      XL: |  1  2  3  4  5  6  7 |
---------------+----------------------+-----
Spellcasting   | 2 3 4 5 |  5.9
Conjurations   | 4 5 6 7 |  7.2
Dodging        | |  1.7
Stealth        | |  1.7

Action                     |  1- 3 |  4- 6 |  7- 9 || total
---------------------------+-------+-------+-------++-------
  Melee: Unarmed           |       |     3 |       ||     3
   Cast: Magic Dart        |    75 |   121 |    27 ||   223
         Searing Ray       |     3 |    15 |    20 ||    38
    Use: Scroll            |       |       |     2 ||     2
         Potion            |       |       |     1 ||     1
 Armour: Robe              |       |     6 |       ||     6
         Leather armour    |       |     1 |    11 ||    12
  Dodge: Dodged            |     6 |    30 |    17 ||    53
